NCAA
KENTUCKY WILDCATS @ IOWA STATE CYCLONES
04/11/2026
 
TOP OF THE 1ST
Kentucky Wildcats batting - Pitching for Iowa State Cyclones : LHP Jeffery Guillermina
Pitching: LHP Jeffery Guillermina
Batting: LHB Eric Dillard 0-0: Ball
1-0: Called Strike
1-1: SINGLE (Groundball, 56D)
Batting: LHB César Rodríguez 0-0: SINGLE (Line Drive, 78S)
Eric Dillard to second
Batting: SHB Arnold Moore 0-0: Called Strike
0-1: Ball
1-1: Swinging Strike
1-2: Reached on error, E5 (Groundball, 5)
Eric Dillard to third
César Rodríguez to second
Batting: RHB Robert Rose 0-0: Called Strike
0-1: Called Strike
0-2: Ball
Wild Pitch!
Eric Dillard scores
César Rodríguez to third
Arnold Moore to second
1-2: Ball
2-2: Ground out 6-3 (Groundball, 6)
César Rodríguez scores
Batting: RHB Bob Zambrano 0-0: Swinging Strike
0-1: Foul Ball, location: 2F
0-2: Strikes out swinging
Batting: RHB Roberto Juárez 0-0: 2-RUN HOME RUN (Flyball, 78XD), Distance : 391 ft
Batting: SHB Russ Beasley 0-0: Ball
1-0: Foul Ball, location: 2F
1-1: Ball
2-1: Ball
3-1: Called Strike
3-2: Strikes out swinging
Top of the 1st over - 4 run(s), 3 hit(s), 1 error(s), 0 left on base; Kentucky 4 - Iowa State 0
BOTTOM OF THE 1ST
Iowa State Cyclones batting - Pitching for Kentucky Wildcats : RHP William Lockhard
Pitching: RHP William Lockhard
Batting: LHB Dale Miller 0-0: Ball
1-0: Foul Ball, location: 2F
1-1: SINGLE (Groundball, 5D)
Batting: RHB Arlen Jones 0-0: Ball
1-0: Ball
Wild Pitch!
Dale Miller to second
2-0: Called Strike
2-1: Foul Ball, location: 2F
2-2: Ball
3-2: DOUBLE (Line Drive, 7D)
Dale Miller scores
Batting: LHB Jerry Trent 0-0: Ball
1-0: Ball
2-0: Ground out U3 (Groundball, 3L)
Arlen Jones to third
Batting: RHB Steve Burton 0-0: Called Strike
0-1: Foul Ball, location: 2F
0-2: Fly out, F8 (Flyball, 8RM)
Batting: RHB Fernando Garza 0-0: Swinging Strike
0-1: Foul Ball, location: 2F
0-2: Foul Ball, location: 2F
0-2: Ball
1-2: Strikes out swinging
Bottom of the 1st over - 1 run(s), 2 hit(s), 0 error(s), 1 left on base; Kentucky 4 - Iowa State 1
TOP OF THE 2ND
Kentucky Wildcats batting - Pitching for Iowa State Cyclones : LHP Jeffery Guillermina
Batting: RHB Joseph Leach 0-0: Called Strike
0-1: Ball
1-1: Fly out, F4 (Popup, 3L)
Batting: RHB Morris Wilson 0-0: Called Strike
0-1: Ball
1-1: Ball
2-1: Ball
3-1: Base on Balls
Batting: LHB Eric Dillard Single, Error in OF, E7, batter to second base
Morris Wilson to third
Batting: LHB César Rodríguez 0-0: Ball
1-0: Ball
2-0: Ball
3-0: Base on Balls
Batting: SHB Arnold Moore 0-0: Foul Ball, location: 2F
0-1: Ball
1-1: Called Strike
1-2: Ball
2-2: Foul Ball, location: 2F
2-2: Foul Ball, location: 2F
2-2: Foul Ball, location: 2F
2-2: Ball
3-2: Foul Ball, location: 2F
3-2: Base on Balls
Morris Wilson scores
Eric Dillard to third
César Rodríguez to second
Batting: RHB Robert Rose 0-0: Called Strike
0-1: Swinging Strike
0-2: Fly out, F6 (Popup, 6MS)
Batting: RHB Bob Zambrano 0-0: Ball
1-0: SINGLE (Line Drive, 78M)
Eric Dillard scores
César Rodríguez to third
Arnold Moore to second
Runner from 3rd tries for Home, SAFE, no throw or cutoff
Batting: RHB Roberto Juárez 0-0: Ball
1-0: Swinging Strike
1-1: Ball
2-1: Fly out, F3 (Popup, 3SF)
Top of the 2nd over - 3 run(s), 2 hit(s), 1 error(s), 2 left on base; Kentucky 7 - Iowa State 1
BOTTOM OF THE 2ND
Iowa State Cyclones batting - Pitching for Kentucky Wildcats : RHP William Lockhard
Batting: RHB Ira Ross 0-0: Ball
1-0: Swinging Strike
1-1: Ball
2-1: Ball
3-1: Foul Ball, location: 2F
3-2: Foul Ball, location: 2F
3-2: Base on Balls
Batting: RHB Frank Latham 0-0: Ball
1-0: Foul Ball, location: 2F
1-1: Called Strike
1-2: Foul Ball, location: 2F
1-2: Ball
2-2: Ground out 4-3 (Groundball, 4M)
Ira Ross to second
Batting: RHB Robert Snyder 0-0: Ball
1-0: Swinging Strike
1-1: Foul Ball, location: 2F
1-2: Strikes out swinging
Batting: SHB Ralph Marshall 0-0: Fly out, F7 (Flyball, 7M)
Bottom of the 2nd over - 0 run(s), 0 hit(s), 0 error(s), 1 left on base; Kentucky 7 - Iowa State 1
TOP OF THE 3RD
Kentucky Wildcats batting - Pitching for Iowa State Cyclones : LHP Jeffery Guillermina
Batting: SHB Russ Beasley 0-0: Hit by Pitch
Batting: RHB Joseph Leach 0-0: Foul Ball, location: 2F
0-1: Ball
1-1: Foul Ball, location: 2F
1-2: Ball
2-2: 2-RUN HOME RUN (Line Drive, 7D), Distance : 366 ft
Pitching: RHP Ángel Rodríguez
Batting: RHB Morris Wilson 0-0: Ball
1-0: Ball
2-0: Ball
3-0: Base on Balls
Batting: LHB Eric Dillard 0-0: Grounds into double play, U4-3 (Groundball, 4)
Batting: LHB César Rodríguez 0-0: Fly out, F9 (Flyball, 89M)
Top of the 3rd over - 2 run(s), 1 hit(s), 0 error(s), 0 left on base; Kentucky 9 - Iowa State 1
BOTTOM OF THE 3RD
Iowa State Cyclones batting - Pitching for Kentucky Wildcats : RHP William Lockhard
Batting: LHB Dale Miller 0-0: Fly out, F8 (Popup, 6MD)
Batting: RHB Arlen Jones 0-0: Called Strike
0-1: Ball
1-1: Ground out 6-3 (Groundball, 6)
Batting: LHB Jerry Trent 0-0: Ball
1-0: Ball
2-0: Called Strike
2-1: Ball
3-1: Foul Ball, location: 2F
3-2: Base on Balls
Batting: RHB Steve Burton 0-0: Called Strike
0-1: SINGLE (Groundball, 15) (infield hit)
Jerry Trent to second
Batting: RHB Fernando Garza 0-0: SINGLE (Flyball, 78S)
Jerry Trent to third
Steve Burton to second
Runner from 3rd tries for Home, SAFE, no throw or cutoff
Batting: RHB Ira Ross 0-0: Called Strike
0-1: Called Strike
0-2: Foul Ball, location: 2F
0-2: 3-RUN HOME RUN (Flyball, 78XD), Distance : 382 ft
Batting: RHB Frank Latham 0-0: Ball
1-0: Called Strike
1-1: Swinging Strike
1-2: Foul Ball, location: 2F
1-2: Ball
2-2: Ball
3-2: Fly out, F7 (Flyball, 7S)
Bottom of the 3rd over - 4 run(s), 3 hit(s), 0 error(s), 0 left on base; Kentucky 9 - Iowa State 5
TOP OF THE 4TH
Kentucky Wildcats batting - Pitching for Iowa State Cyclones : RHP Ángel Rodríguez
Batting: SHB Arnold Moore 0-0: Ball
1-0: Called Strike
1-1: Ground out 4-3 (Groundball, 4)
Batting: RHB Robert Rose 0-0: Swinging Strike
0-1: Ground out 6-3 (Groundball, 6M)
Batting: RHB Bob Zambrano 0-0: Ball
1-0: Swinging Strike
1-1: Foul Ball, location: 2F
1-2: Strikes out swinging
Top of the 4th over - 0 run(s), 0 hit(s), 0 error(s), 0 left on base; Kentucky 9 - Iowa State 5
BOTTOM OF THE 4TH
Iowa State Cyclones batting - Pitching for Kentucky Wildcats : RHP William Lockhard
Batting: RHB Robert Snyder 0-0: Called Strike
0-1: Reached on error, E5 (Groundball, 56)
Batting: SHB Ralph Marshall 0-0: Ball
1-0: Foul Ball, location: 2F
1-1: Ball
2-1: Ball
3-1: Base on Balls
Robert Snyder to second
Batting: LHB Dale Miller 0-0: Ball
1-0: 3-RUN HOME RUN (Flyball, 89XD), Distance : 363 ft
Batting: RHB Arlen Jones 0-0: Called Strike
0-1: Swinging Strike
0-2: Strikes out looking
Batting: LHB Jerry Trent 0-0: Called Strike
0-1: Fly out, F8 (Flyball, 8RM)
Batting: RHB Steve Burton 0-0: Ball
1-0: Foul Ball, location: 2F
1-1: Foul Ball, location: 2F
1-2: SINGLE (Line Drive, 4M)
Batting: RHB Fernando Garza 0-0: Fielders Choice at 2nd, 6-4 (Groundball, 56)
Bottom of the 4th over - 3 run(s), 2 hit(s), 1 error(s), 0 left on base; Kentucky 9 - Iowa State 8
TOP OF THE 5TH
Kentucky Wildcats batting - Pitching for Iowa State Cyclones : RHP Ángel Rodríguez
Batting: RHB Roberto Juárez 0-0: Ball
1-0: Foul Ball, location: 2F
1-1: Ball
2-1: Ball
3-1: Foul Ball, location: 2F
3-2: Base on Balls
Batting: SHB Russ Beasley 0-0: Called Strike
0-1: Swinging Strike
0-2: Fielders Choice at 2nd, 2-4 (Groundball, 2L)
Batting: RHB Joseph Leach 0-0: Ball
Russ Beasley steals 2nd base
1-0: Foul Ball, location: 2F
1-1: Ball
2-1: Called Strike
2-2: Strikes out swinging
Batting: RHB Morris Wilson 0-0: Ball
1-0: Foul Ball, location: 2F
1-1: Swinging Strike
1-2: Strikes out swinging
Top of the 5th over - 0 run(s), 0 hit(s), 0 error(s), 1 left on base; Kentucky 9 - Iowa State 8
BOTTOM OF THE 5TH
Iowa State Cyclones batting - Pitching for Kentucky Wildcats : RHP William Lockhard
Batting: RHB Ira Ross 0-0: Called Strike
0-1: Ball
1-1: Ball
2-1: Ball
3-1: Foul Ball, location: 2F
3-2: Base on Balls
Batting: RHB Frank Latham 0-0: Ball
1-0: Swinging Strike
1-1: Fielders Choice at 2nd, 3-6 (Groundball, 34)
Batting: RHB Robert Snyder 0-0: Called Strike
0-1: Called Strike
0-2: Foul Ball, location: 2F
0-2: Foul Ball, location: 2F
0-2: Foul Ball, location: 2F
0-2: Ball
1-2: Ball
2-2: Fly out, F8 (Flyball, 8RM)
Batting: SHB Ralph Marshall 0-0: Ball
1-0: Foul Ball, location: 2F
1-1: Foul Ball, location: 2F
1-2: Strikes out swinging
Bottom of the 5th over - 0 run(s), 0 hit(s), 0 error(s), 1 left on base; Kentucky 9 - Iowa State 8
TOP OF THE 6TH
Kentucky Wildcats batting - Pitching for Iowa State Cyclones : RHP Ángel Rodríguez
Batting: LHB Eric Dillard 0-0: Ball
1-0: Ball
2-0: Fly out, F7 (Line Drive, 7S)
Batting: LHB César Rodríguez 0-0: Called Strike
0-1: Foul Ball, location: 2F
0-2: Strikes out looking
Batting: SHB Arnold Moore 0-0: Ball
1-0: Ground out 4-3 (Groundball, 4)
Top of the 6th over - 0 run(s), 0 hit(s), 0 error(s), 0 left on base; Kentucky 9 - Iowa State 8
BOTTOM OF THE 6TH
Iowa State Cyclones batting - Pitching for Kentucky Wildcats : RHP William Lockhard
Batting: LHB Dale Miller 0-0: Ball
1-0: Foul Ball, location: 2F
1-1: Ground out 1-3 (Groundball, 13)
Batting: RHB Arlen Jones 0-0: Foul Ball, location: 2F
0-1: Ball
1-1: Ball
2-1: Ball
3-1: Fly out, F9 (Flyball, 9M)
Batting: LHB Jerry Trent 0-0: Called Strike
0-1: Foul Ball, location: 2F
0-2: Strikes out looking
Bottom of the 6th over - 0 run(s), 0 hit(s), 0 error(s), 0 left on base; Kentucky 9 - Iowa State 8
TOP OF THE 7TH
Kentucky Wildcats batting - Pitching for Iowa State Cyclones : RHP Ángel Rodríguez
Pitching: LHP Raúl Rivas
Batting: RHB Robert Rose 0-0: Foul Ball, location: 2F
0-1: Ball
1-1: Ball
2-1: Foul Ball, location: 2F
2-2: Foul Ball, location: 2F
2-2: Foul Ball, location: 2F
2-2: Strikes out swinging
Batting: RHB Bob Zambrano 0-0: Called Strike
0-1: Ball
1-1: Foul Ball, location: 2F
1-2: Strikes out looking
Batting: RHB Roberto Juárez 0-0: Called Strike
0-1: Ball
1-1: Called Strike
1-2: Ball
2-2: Strikes out looking
Top of the 7th over - 0 run(s), 0 hit(s), 0 error(s), 0 left on base; Kentucky 9 - Iowa State 8
BOTTOM OF THE 7TH
Iowa State Cyclones batting - Pitching for Kentucky Wildcats : RHP William Lockhard
Batting: RHB Steve Burton 0-0: Ball
1-0: Ball
2-0: Foul Ball, location: 2F
2-1: Ball
3-1: Base on Balls
Pitching: RHP Bryant Hatcher
Batting: RHB Fernando Garza 0-0: Called Strike
0-1: Called Strike
0-2: Ball
1-2: Ball
2-2: Ball
3-2: Base on Balls
Steve Burton to second
Batting: RHB Ira Ross 0-0: Called Strike
0-1: Sac Bunt - play at first, batter OUT! 2-4
Steve Burton to third
Fernando Garza to second
Batting: RHB Frank Latham 0-0: Fly out, F9 (Flyball, 89D)
Runner from 3rd tags up, SCORES, no throw
Batting: RHB Robert Snyder 0-0: Called Strike
0-1: Ball
1-1: Ground out 6-3 (Groundball, 6M)
Bottom of the 7th over - 1 run(s), 0 hit(s), 0 error(s), 1 left on base; Kentucky 9 - Iowa State 9
TOP OF THE 8TH
Kentucky Wildcats batting - Pitching for Iowa State Cyclones : LHP Raúl Rivas
Batting: SHB Russ Beasley 0-0: Swinging Strike
0-1: Ball
1-1: Swinging Strike
1-2: Foul Ball, location: 2F
1-2: Foul Ball, location: 2F
1-2: Strikes out swinging
Batting: RHB Joseph Leach 0-0: Fly out, F7 (Flyball, 7M)
Batting: RHB Morris Wilson 0-0: Foul Ball, location: 2F
0-1: Foul Ball, location: 2F
0-2: Ball
1-2: Ball
2-2: Strikes out looking
Top of the 8th over - 0 run(s), 0 hit(s), 0 error(s), 0 left on base; Kentucky 9 - Iowa State 9
BOTTOM OF THE 8TH
Iowa State Cyclones batting - Pitching for Kentucky Wildcats : RHP Bryant Hatcher
Pinch Hitting: RHB Arnold Hull 0-0: Ball
1-0: Called Strike
1-1: Ground out 3-1 (Groundball, 34S)
Batting: LHB Dale Miller 0-0: Ball
1-0: Ball
2-0: Called Strike
2-1: Ball
3-1: Called Strike
3-2: Strikes out swinging
Pitching: RHP Bryce Gray
Batting: RHB Arlen Jones 0-0: Called Strike
0-1: Ball
1-1: Foul Ball, location: 2F
1-2: Strikes out looking
Bottom of the 8th over - 0 run(s), 0 hit(s), 0 error(s), 0 left on base; Kentucky 9 - Iowa State 9
TOP OF THE 9TH
Kentucky Wildcats batting - Pitching for Iowa State Cyclones : LHP Raúl Rivas
Pitching: RHP Kyle Rumbolt
Now at 1B: Arnold Hull
Batting: LHB Eric Dillard 0-0: Ball
1-0: Foul Ball, location: 2F
1-1: Foul Ball, location: 2F
1-2: Foul Ball, location: 2F
1-2: Strikes out swinging
Batting: LHB César Rodríguez 0-0: Called Strike
0-1: Foul Ball, location: 2F
0-2: Ball
1-2: Ball
2-2: DOUBLE (Line Drive, 7LM)
Batting: SHB Arnold Moore 0-0: Intentional Walk
Batting: RHB Robert Rose 0-0: Called Strike
0-1: Called Strike
0-2: Ball
1-2: Ball
2-2: Foul Ball, location: 2F
2-2: Foul Ball, location: 2F
2-2: Ball
3-2: Grounds into double play, 6-4-3 (Groundball, 6)
Top of the 9th over - 0 run(s), 1 hit(s), 0 error(s), 1 left on base; Kentucky 9 - Iowa State 9
BOTTOM OF THE 9TH
Iowa State Cyclones batting - Pitching for Kentucky Wildcats : RHP Bryce Gray
Batting: LHB Jerry Trent 0-0: Swinging Strike
0-1: Called Strike
0-2: Ball
1-2: Strikes out swinging
Batting: RHB Steve Burton 0-0: Foul Ball, location: 2F
0-1: Ball
1-1: SINGLE (Groundball, 34D)
Batting: RHB Fernando Garza 0-0: Ball
1-0: Ball
Throwing error on steal attempt, E2
Steve Burton to third
2-0: Intentional Walk
Pitching: LHP Félix Martínez
Batting: RHB Ira Ross 0-0: Ball
1-0: Ball
2-0: Swinging Strike
2-1: Ball
3-1: Base on Balls
Fernando Garza to second
Batting: RHB Frank Latham 0-0: Called Strike
0-1: Foul Ball, location: 2F
0-2: Ball
1-2: Fly out, F8 (Flyball, 8RS)
Runner from 3rd tags up, SCORES, throw made
Monday, December 5th, 2016 - OOTP Baseball 17.12 Build 75